 Dungeon Crawl Stone Soup version 0.26.1-11-gd32895ea62 (webtiles) character file.

Game seed: 13989894585881516913

19649 Amplified the Pandemonic (level 12, -13/119 HPs)
             Began as a Troll Venom Mage on May 15, 2021.
             Was a High Priest of Makhleb.
             Killed from afar by a fire giant (37 damage)
             ... with a fireball
             ... on level 15 of the Dungeon.
             The game lasted 00:17:39 (11750 turns).

Amplified the Pandemonic (Troll Venom Mage)        Turns: 11750, Time: 00:17:40

Health: -13/119    AC: 19    Str: 19    XL:     12   Next: 38%
Magic:  17/17      EV: 14    Int: 11    God:    Makhleb [*****.]
Gold:   571        SH:  0    Dex: 14    Spells: 10/13 levels left

rFire    . . .     SeeInvis .   q - +2 flail (drain)
rCold    . . .     Faith    .   (no shield)
rNeg     . . .     Spirit   .   v - +0 steam dragon scales
rPois    +         Reflect  .   k - +1 hat
rElec    .         Harm     .   m - +2 cloak
rCorr    .         Rampage  .   (gloves unavailable)
Will     .....                  (boots unavailable)
Stlth    ++........             (no amulet)
HPRegen  0.69/turn              l - +4 ring of protection
MPRegen  0.15/turn              p - ring of poison resistance

@: flying, very slightly contaminated
A: large, unfitting armour, claws 3, regeneration 1, shaggy fur 1, tough skin 3
a: Renounce Religion, Minor Destruction, Lesser Servant of Makhleb, Major
Destruction, Greater Servant of Makhleb


You were on level 15 of the Dungeon.
You worshipped Makhleb.
Makhleb was extremely pleased with you.
You visited 1 branch of the dungeon, and saw 14 of its levels.
You also visited: Sewer and Bailey.

You collected 767 gold pieces.
You spent 196 gold pieces at shops.

Inventory:

Hand Weapons
 q - a +2 flail of draining (weapon)
Missiles
 c - 21 poisoned darts
 z - 9 curare-tipped darts
 A - 9 throwing nets
Armour
 k - a +1 hat (worn)
 m - a +2 cloak (worn)
 v - +0 steam dragon scales (worn)
 D - a cursed +0 kite shield
Jewellery
 l - a +4 ring of protection (left claw)
 p - a ring of poison resistance (right claw)
Wands
 t - a wand of digging (7)
 y - a wand of flame (10)
 G - a wand of iceblast (7)
Scrolls
 i - 3 scrolls of amnesia
 j - 7 scrolls of teleportation
 s - 3 scrolls of enchant weapon
 u - 6 scrolls of remove curse
 B - 4 scrolls of fog
 F - a scroll of fear
Potions
 a - a potion of heal wounds
 d - 2 potions of flight
 e - 3 potions of curing
 f - 2 potions of haste
 h - 9 potions of ambrosia
 n - a potion of resistance
 o - 2 potions of invisibility
 r - 3 potions of berserk rage
 w - a potion of attraction
 x - 2 potions of mutation {unknown}
 C - 2 potions of cancellation {unknown}
 E - a potion of degeneration {unknown}


   Skills:
 * Level 7.9 Fighting
 * Level 8.1 Maces & Flails
 * Level 7.9 Armour
 * Level 8.2 Dodging
 - Level 1.0 Stealth
 - Level 1.2 Spellcasting
 - Level 0.6 Transmutations
 - Level 2.1 Poison Magic
 * Level 8.5 Invocations


You had 10 spell levels left.
You knew the following spells:

 Your Spells              Type           Power        Failure   Level
a - Sting                 Tmut/Pois      12%          19%         1
b - Poisonous Vapours     Pois/Air       6%           30%         2

Your spell library contained the following spells:

 Spells                   Type           Power        Failure   Level
 Animate Skeleton         Necr           0%           32%         1
 Apportation              Tloc           0%           32%         1
 Shock                    Conj/Air       0%           32%         1
 Swiftness                Air            0%           43%         2
 Ignite Poison            Fire/Tmut/Pois 2%           54%         3
 Mephitic Cloud           Conj/Pois/Air  2%           56%         3
 Lesser Beckoning         Tloc           0%           67%         3
 Static Discharge         Conj/Air       0%           67%         3
 Tukima's Dance           Hex            0%           67%         3
 Olgreb's Toxic Radiance  Pois           5%           77%         4
 Airstrike                Air            0%           97%         4
 Alistair's Intoxication  Tmut/Pois      2%           99%         5
 Bolt of Magma            Conj/Fire/Erth 0%           100%        5
 Excruciating Wounds      Necr           0%           100%        5
 Iskenderun's Battlesphe  Conj           0%           100%        5
 Lightning Bolt           Conj/Air       0%           100%        5
 Dispersal                Tloc           0%           100%        6
 Invisibility             Hex            0%           100%        6
 Iron Shot                Conj/Erth      0%           100%        6
 Orb of Destruction       Conj           0%           100%        7
 Spellforged Servitor     Conj/Summ      0%           100%        7
 Disjunction              Tloc           0%           100%        8


Dungeon Overview and Level Annotations

Branches:
Dungeon (13/15)            Temple (0/1) D:5            Lair (0/6) D:10
    Orc (0/2) D:11         Depths (0/5) D:15          Sewer (visited)
 Bailey (visited)
 Vaults: D:13-14

Altars:
Ashenzari
Dithmenos
Gozag
Hepliaklqana
Makhleb
Nemelex Xobeh
Okawaru
Qazlal
Ru
Wu Jian

Shops:
D:5 =   D:7 *:*}=   D:8 *   D:10 !


Innate Abilities, Weirdness & Mutations

You are too large for most types of armour.
You have claws for hands.
Your natural rate of healing is unusually fast.
You are covered in fur. (AC +1)
You have extremely tough skin. (AC +3)


Message History

The fireball explodes!
The fireball engulfs you!!
* * * LOW HITPOINT WARNING * * *
The fireball engulfs the fire giant.
The fire giant resists.
You feel much better.
Aiming: Iceblast
Press: ? - help, Shift-Dir - straight line, f - fire giant
Aim: a fire giant, wielding a +2 great sword of flaming (severely wounded, wandering, lightly drained, hasn't noticed you)
The mass of ice explodes!
The iceblast engulfs the fire giant!
The fire giant is almost dead.
The fire giant shouts!
Unknown command.
Unknown command.
Aiming: Iceblast
Press: ? - help, Shift-Dir - straight line, p - fire giant The mass of ice explodes!
The iceblast engulfs the fire giant but does no damage.
The fire giant is almost dead.
The fire giant casts a spell at you.
The fireball explodes!
The fireball engulfs you!!!
You die...

#......## .#####..#.##
##.$.§§...
.......###.####..≈§≈§≈.≈
####..## ##.##...)§§#≈§.
##[(###.###.≈.#≈§≈≈≈#
##((#.## #..≈≈≈≈≈§≈≈
#)).## ##..≈.≈...≈≈
..###)#.####..≈C≈..>.§≈
................@≈≈...≈≈
....##..#.###...≈≈§≈§§§≈
... #..#.# ##.§.#≈≈≈§≈#
.. ##.#.# #..§§§≈#≈§. #
..#.# ##.§§.≈.§.≈ ....#
##........ #..###
#.#...#.# ... #.......#


You could see a fire giant (drained).

Vanquished Creatures
  Harold (D:8)
  A hydra (D:12)
  A boulder beetle (D:11)
  2 two-headed ogres
  Sonja (D:11)
  An unseen horror (D:11)
  An ugly thing (D:11)
  2 cyclopes
  A manticore (D:15)
  A queen bee (D:10)
  5 trolls
  Grinder (D:5)
  2 hornets
  Sigmund (D:2)
  A shadow (D:6)
  A vampire (D:10)
  5 yaks (D:11)
  2 wraiths
  A wyvern (D:12)
  8 vampire mosquitoes (D:12)
  A water moccasin (D:10)
  Duvessa (D:7)
  An acid dragon (D:9)
  An eye of draining (D:9)
  4 ice beasts
  5 orc warriors
  7 sky beasts
  4 wolves (D:10)
  A necrophage (D:10)
  3 ogres
  11 centaurs
  A big kobold (Sewer)
  A wyvern zombie (D:8)
  9 bullfrogs
  7 gnoll sergeants (Bailey)
  Dowan (D:7)
  A water moccasin skeleton (D:9)
  A scorpion (D:7)
  A wyvern skeleton (D:10)
  31 killer bees
  11 wights
  A howler monkey (D:5)
  4 electric eels (D:10)
  A bullfrog zombie (D:5)
  4 orc priests
  Crazy Yiuf (D:7)
  9 hounds
  4 jellies
  A bullfrog skeleton (D:7)
  4 centaur skeletons
  5 gnoll shamans (Bailey)
  An iguana (D:8)
  15 worker ants
  7 orc wizards
  A hound skeleton (D:6)
  A hound zombie (D:5)
  2 worker ant zombies
  18 gnolls
  12 adders
  3 river rats
  A white imp (D:8)
  An adder skeleton (D:4)
  An adder zombie (D:6)
  3 worms
  3 dart slugs
  7 leopard geckos
  44 orcs
  2 ball pythons (D:5)
  7 giant cockroaches
  11 goblins
  13 hobgoblins
  8 jackals
  3 quokkas
  A ball python skeleton (D:5)
  5 bats
  6 frilled lizards
  A jackal skeleton (D:4)
  10 kobolds
  A leopard gecko skeleton (D:8)
  A quokka zombie (D:2)
  15 rats
380 creatures vanquished.

Vanquished Creatures (collateral kills)
  2 orc warriors
  A gnoll sergeant (Bailey)
  2 bullfrogs
  6 wights
  A gnoll shaman (Bailey)
  A gnoll (Bailey)
  An adder zombie (D:6)
  4 orcs (D:9)
18 creatures vanquished.

Vanquished Creatures (others)
  A centaur warrior (D:15)
1 creature vanquished.

Grand Total: 399 creatures vanquished

Notes
Turn   | Place    | Note
-------+----------+-------------------------------------------
     0 | D:1      | Amplified the Troll Venom Mage began the quest for the Orb.
     0 | D:1      | Reached XP level 1. HP: 16/16 MP: 1/1
     5 | D:1      | Noticed a minotaur skeleton
     7 | D:1      | Noticed a minotaur skeleton
   183 | D:1      | Reached XP level 2. HP: 26/26 MP: 2/2
   542 | D:1      | Reached skill level 1 in Fighting
   542 | D:1      | Reached skill level 1 in Armour
   752 | D:1      | Reached XP level 3. HP: 29/33 MP: 3/3
   776 | D:1      | Learned a level 2 spell: Poisonous Vapours
  1007 | D:2      | Found a burning altar of Makhleb.
  1011 | D:2      | Became a worshipper of Makhleb the Destroyer
  1565 | D:2      | Reached XP level 4. HP: 29/41 MP: 4/4
  1612 | D:2      | Noticed Sigmund
  1627 | D:2      | Killed Sigmund
  1627 | D:2      | Reached * piety under Makhleb
  1628 | D:2      | Reached skill level 1 in Invocations
  1628 | D:2      | Reached XP level 5. HP: 49/49 MP: 2/5
  1889 | D:2      | Found a sacrificial altar of Ru.
  1994 | D:3      | Reached XP level 6. HP: 55/58 MP: 6/6
  2226 | D:3      | Found a stormy altar of Qazlal.
  2577 | D:3      | Found a faded altar of an unknown god.
  3087 | D:4      | Reached ** piety under Makhleb
  3113 | D:4      | Found an opulent altar of Gozag.
  3196 | D:4      | Found a shadowy altar of Dithmenos.
  3556 | D:4      | Reached skill level 1 in Maces & Flails
  3682 | D:4      | Found an ornate altar of the Wu Jian Council.
  3689 | D:4      | Noticed a spectral centipede
  3689 | D:4      | Noticed a spectral black mamba
  3689 | D:4      | Noticed a spectral cane toad
  3862 | D:5      | Entered Level 5 of the Dungeon
  3925 | D:5      | Reached XP level 7. HP: 66/66 MP: 6/8
  3953 | D:5      | Found a glowing drain.
  3965 | Sewer    | Entered a sewer
  4062 | Sewer    | Found a white marble altar of Elyvilon.
  4216 | D:5      | Noticed Grinder
  4232 | D:5      | Paralysed by Grinder for 2 turns
  4240 | D:5      | Killed Grinder
  4308 | D:5      | Found a sparkling altar of Nemelex Xobeh.
  4335 | D:5      | Found a hazy altar of Hepliaklqana.
  4416 | D:5      | Reached XP level 8. HP: 75/75 MP: 9/9
  4431 | D:5      | Found Nysmeps's Jewellery Boutique.
  4511 | D:5      | Found a staircase to the Ecumenical Temple.
  4517 | D:5      | Reached *** piety under Makhleb
  4822 | D:6      | Found a burning altar of Makhleb.
  4995 | D:6      | Got a pitted flail
  5043 | D:6      | Reached XP level 9. HP: 80/85 MP: 11/11
  5451 | D:6      | Identified the cursed +0 flail of Ciluf {vorpal, rF+ Will+
                  | MP+9} (You found it on level 6 of the Dungeon)
  5550 | D:7      | Found Micep's Gadget Shop.
  5575 | D:7      | Bought a wand of iceblast (10) for 196 gold pieces
  5605 | D:7      | Found a flagged portal.
  5611 | D:7      | Reached **** piety under Makhleb
  5626 | Bailey   | Entered a bailey
  5633 | Bailey   | Reached skill level 5 in Dodging
  5683 | Bailey   | Reached skill level 5 in Invocations
  6080 | Bailey   | Reached skill level 5 in Fighting
  6088 | Bailey   | Reached skill level 5 in Armour
  6137 | Bailey   | Identified the Handbook of the Traveller and Dark Rites
  6281 | D:7      | Found Bocw's General Store.
  6299 | D:7      | Noticed Duvessa
  6307 | D:7      | Killed Duvessa
  6362 | D:7      | Found a runed translucent door.
  6363 | D:7      | Noticed Crazy Yiuf
  6404 | D:7      | Noticed Dowan
  6411 | D:7      | Killed Dowan
  6423 | D:7      | Found Olucruyl's Assorted Antiques.
  6491 | D:7      | Found Kaepetza's Jewellery Emporium.
  6584 | D:7      | Found Kiaf's Book Emporium.
  6745 | D:7      | Found an iron altar of Okawaru.
  6833 | D:7      | Killed Crazy Yiuf
  6834 | D:7      | Reached skill level 5 in Maces & Flails
  7012 | D:8      | Reached XP level 10. HP: 96/96 MP: 13/13
  7342 | D:8      | Noticed Harold
  7361 | D:8      | Killed Harold
  7744 | D:8      | Reached ***** piety under Makhleb
  7749 | D:8      | Found Nopin's Assorted Antiques.
  8527 | D:10     | Entered Level 10 of the Dungeon
  8789 | D:10     | Found Archuewif's Distillery.
  9024 | D:10     | Reached XP level 11. HP: 64/107 MP: 15/15
  9294 | D:10     | Found a staircase to the Lair.
  9660 | D:11     | Noticed a two-headed ogre
  9677 | D:11     | Killed a two-headed ogre
  9756 | D:11     | Found a broken altar of Ashenzari.
  9761 | D:11     | Noticed a boulder beetle
  9785 | D:11     | Killed a boulder beetle
  9996 | D:11     | Noticed a white ugly thing
 10004 | D:11     | Killed a white ugly thing
 10037 | D:11     | Found a staircase to the Orcish Mines.
 10372 | D:11     | Killed an unseen horror
 10565 | D:11     | Noticed Sonja
 10571 | D:11     | Killed Sonja
 10827 | D:12     | Noticed a two-headed ogre
 10870 | D:12     | Killed a two-headed ogre
 10871 | D:12     | Reached XP level 12. HP: 112/118 MP: 17/17
 11294 | D:12     | Noticed a four-headed hydra
 11307 | D:12     | Killed a four-headed hydra
 11683 | D:13     | You fall into a shaft and drop 2 floors!
 11683 | D:15     | Entered Level 15 of the Dungeon
 11683 | D:15     | Noticed a centaur warrior
 11690 | D:15     | Killed a centaur warrior
 11734 | D:15     | Found a staircase to the Depths.
 11734 | D:15     | Noticed a fire giant
 11747 | D:15     | HP: 2/119 [fire giant/fireball (34)]
 11750 | D:15     | Killed from afar by a fire giant

Illustrated notes

Levels and vault maps discovered:
D:1:      shiori_arrival_whats_in_store_for_you, layout_loops_corners,
          minmay_tetromino_s4
D:2:      layout_basic, overflow_temple_1_default, serial_glass,
          glass_columns_b, glass_columns_a, glass_columns_b, glass_columns_b,
          nicolae_ru_path_of_blood, uniq_sigmund
D:3:      layout_basic, nicolae_qazlal_eye_of_the_storm,
          chequers_ecumenical_altar_lobes, minmay_misc_feat_secret_circle
D:4:      layout_basic, pdpol_wu_jian_five_deadly_venoms,
          nicolae_overflow_hidden_temple, nicolae_dithmenos_the_darkroom
D:5:      layout_cave_pools, nzn_hepliaklqana_mist_gate, temple_fountains,
          serial_shops, shop, portal_sewer_entry_e,
          nemelex_diamond_rough_becter, uniq_grinder
D:6:      cheibrodos_fzero, layout_cave_pools, minmay_misc_feat_diagonals,
          bloody_makhleb
D:7:      layout_rooms, enter_bailey_3, serial_shops, shop,
          kennysheep_little_box, nicolae_shop_statue_plus,
          nicolae_shop_window_shopping, nicolae_shop_behind_doors,
          nrook_mini_backslash, okawaru_altar_gauntlet_db,
          uniq_crazy_yiuf_cottage, uniq_duvessa
D:8:      layout_basic, serial_shops, shop, uniq_harold
D:9:      layout_rooms
D:10:     layout_roguey [special_room_bee], erik_lair_island, serial_shops, shop
D:11:     layout_irregular_city, orc_0_dummy, basic_altar, lightli_minifort,
          uniq_sonja
D:12:     layout_irregular_city
D:13:     layout_loops_ring, gammafunk_ghost_cemetery, uniq_erolcha, uniq_azrael
D:15:     grunt_enter_depths_giant_problem, layout_loops_cross, uniq_jorgrun

Skill      XL: |  1  2  3  4  5  6  7  8  9 10 11 12 |
---------------+-------------------------------------+-----
Dodging        | 2 3 4 5 6 7 8 |  8.2
Fighting       | 1 2 3 4 5 6 7 |  7.9
Armour         | 1 2 3 4 5 6 7 |  7.9
Invocations    | 1 2 3 4 5 6 8 |  8.5
Maces & Flails | 1 2 3 5 6 7 8 |  8.1
Stealth        | |  1.0
Spellcasting   | |  1.2
Transmutations | |  0.6
Poison Magic   | |  2.1

Action                   |  1- 3 |  4- 6 |  7- 9 | 10-12 || total
-------------------------+-------+-------+-------+-------++-------
Melee: Unarmed           |   190 |   137 |       |       ||   327
       Flail             |       |    98 |   507 |  1000 ||  1605
 Cast: Poisonous Vapours |       |     1 |       |       ||     1
Invok: Lesser Servant of |       |       |     2 |       ||     2
Evoke: Wand              |       |       |     8 |    12 ||    20
  Use: Scroll            |     3 |     3 |     9 |    11 ||    26
       Potion            |       |     2 |     6 |    10 ||    18
 Stab: Sleeping          |     1 |     1 |     3 |     4 ||     9
       Invisible         |       |       |     1 |     8 ||     9
       Distracted        |       |       |     1 |       ||     1
Armor: Robe              |    85 |    84 |       |       ||   169
       Steam dragon scal |       |     4 |   394 |   579 ||   977
       Skin              |       |       |    95 |    47 ||   142
Dodge: Dodged            |   116 |   142 |   492 |   867 ||  1617
